 Dungeon Crawl Stone Soup version 0.29-a0-338-g1ff7896281 (webtiles) character file.

Game seed: 13477437473703045084

1346 bande the Chopper (level 8, -16/50 HPs)
             Began as a Gargoyle Fighter on Apr 19, 2022.
             Was a Follower of Okawaru.
             Demolished by a two-headed ogre
             ... wielding a +0 giant club
              (19 damage)
             ... on level 5 of the Dungeon.
             The game lasted 00:09:38 (4146 turns).

bande the Chopper (Gargoyle Fighter)                Turns: 4146, Time: 00:09:39

Health: -16/50     AC: 20    Str: 21    XL:     8   Next: 62%
Magic:  9/10       EV:  9    Int:  8    God:    Okawaru [*.....]
Gold:   322        SH:  5    Dex: 11    Spells: 7/7 levels left

rFire   . . .      SeeInvis .   a - +1 war axe
rCold   . . .      Faith    .   c - +0 buckler
rNeg    + . .      Spirit   .   b - +0 scale mail
rPois   ∞          Reflect  .   (no helmet)
rElec   +          Harm     .   (no cloak)
rCorr   +          Rampage  .   s - +0 pair of gloves
Will    .....                   f - +1 pair of boots
Stlth   ..........              m - amulet of regeneration
HPRegen 0.96/turn               k - +4 ring of protection
MPRegen 0.12/turn               r - ring of resist corrosion

@: no status effects
A: sickness immunity, AC +5, negative energy resistance 1, electricity
resistance, torment resistance 1, petrification resistance
a: Renounce Religion, Heroism


You were on level 5 of the Dungeon.
You worshipped Okawaru.
Okawaru was aware of your devotion.
You visited 2 branches of the dungeon, and saw 6 of its levels.

You collected 322 gold pieces.

Inventory:

Hand Weapons
 a - a +1 war axe (weapon)
 p - a +0 flail
Armour
 b - a +0 scale mail (worn)
 c - a +0 buckler (worn)
 f - a +1 pair of boots (worn)
 s - a +0 pair of gloves (worn)
Jewellery
 h - an amulet of guardian spirit
 k - a +4 ring of protection (left hand)
 m - an amulet of regeneration (around neck)
 n - a ring of ice
 r - a ring of resist corrosion (right hand)
Scrolls
 d - a scroll of blinking
 q - a scroll of fog
 w - a scroll of enchant weapon
Potions
 e - a potion of flight
 g - a potion of ambrosia
 i - 3 potions of curing
 j - a potion of resistance {unknown}
 l - 2 potions of invisibility
 o - 2 potions of haste
 t - a potion of heal wounds {unknown}
 u - a potion of degeneration {unknown}
 v - a potion of attraction {unknown}


   Skills:
 + Level 5.5 Fighting
 + Level 6.7 Axes
 + Level 5.6 Armour
 + Level 5.0 Shields
 * Level 2.7 Invocations


You had 7 spell levels left.
You didn't know any spells.
Your spell library contained the following spells:

 Spells                   Type           Power      Damage    Failure   Level
 Foxfire                  Conj/Fire      0%         2x1d4     82%         1
 Magic Dart               Conj           0%         1d3       82%         1
 Sting                    Tmut/Pois      0%         1d3       82%         1
 Poisonous Vapours        Pois/Air       0%         N/A       91%         2
 Conjure Flame            Conj/Fire      0%         6-21      99%         3
 Inner Flame              Hex/Fire       0%         N/A       99%         3
 Mephitic Cloud           Conj/Pois/Air  0%         N/A       99%         3
 Flame Wave               Conj/Fire      0%         2d4       100%        4
 Olgreb's Toxic Radiance  Pois           0%         N/A       100%        4
 Call Imp                 Summ           Unusable   N/A       N/A         2

Dungeon Overview and Level Annotations

Branches:
Dungeon (5/15)             Temple (1/1) D:5

Altars:
Ashenzari
Cheibriados
Dithmenos
Elyvilon
Fedhas
Hepliaklqana
Makhleb
Nemelex Xobeh
Okawaru
Qazlal
Ru
Uskayaw
Wu Jian

Shops:
D:2 =   D:3 (


Innate Abilities, Weirdness & Mutations

You are immune to sickness and miasma.
Your stone body is resilient. (AC +5)
You are immune to poison.
You resist negative energy. (rN+)
You are resistant to electric shocks. (rElec)
You are resistant to unholy torment.
You are immune to petrification.


Message History

The ice beast hits you but does no damage.
The yak gores you but does no damage.
You closely miss the ice beast.
The ice beast is moderately wounded.
You hit the yak but do no damage. The yak gores you but does no damage.
The ice beast hits you. The ice beast freezes you!
You block the ice beast's attack. The yak gores you but does no damage.
You slash the ice beast!
The ice beast is severely wounded.
You hit the yak but do no damage. The yak closely misses you.
You block the ice beast's attack.
You slash the ice beast!
You kill the ice beast!
Okawaru accepts your kill.
You hit the yak. The yak gores you.
Your Shields skill increases to level 5!
You hit the yak.
The yak is lightly wounded.
You hit the two-headed ogre but do no damage.
The yak gores you but does no damage.
The two-headed ogre hits you with a +0 giant club!!
You block the two-headed ogre's attack. You block the yak's attack.
You are too injured to fight recklessly!
You are too injured to fight recklessly!
You are too injured to fight recklessly!
You are too injured to fight recklessly!
Unknown command.
You hit the two-headed ogre.
The two-headed ogre is lightly wounded.
You slash the yak! The two-headed ogre barely misses you.
The two-headed ogre completely misses you.
The yak gores you!
* * * LOW HITPOINT WARNING * * *
You slash the two-headed ogre!
The two-headed ogre is moderately wounded.
You slash the yak! The yak gores you but does no damage.
The two-headed ogre hits you with a +0 giant club.
* * * LOW HITPOINT WARNING * * *
The two-headed ogre hits you with a +0 giant club!!
You die...

............#....................
.........................##.....#
.......).....###.........##..#...
...............).##...##..##..#..
.......................#.........
...........####..####..##....)...
.... ..... #....# #...< ..#
########..########.).
#(.O@..#..#..).).#...
#?=Y#..#..#..#.8.##..
#$.$#..#..#..#...#...
#####..#..#..######..
#......#..#......##..
#......#..#......#..#
#..#####..#####..#..#
#......#..#......#.#.
#......#..#......#...


You could see a two-headed ogre and a yak.

Vanquished Creatures
  Grinder (D:3)
  2 ice beasts (D:5)
  A black bear (D:5)
  2 ogres
  A centaur (D:5)
  A necrophage (D:5)
  A phantom (D:5)
  A scorpion (D:5)
  A hound (D:5)
  4 iguanas (D:5)
  Natasha (thrice) (D:3)
  2 orc wizards (D:3)
  6 adders
  2 shadow imps (D:5)
  2 white imps
  An ufetubus (D:5)
  A worm (D:4)
  3 dart slugs
  10 orcs
  7 ball pythons
  8 bats
  2 endoplasms
  2 giant cockroaches (D:1)
  6 goblins
  7 hobgoblins
  A jackal (D:5)
  6 kobolds
  5 quokkas
  4 frilled lizards
  13 rats
106 creatures vanquished.

Vanquished Creatures (others)
  A plant (D:2)
1 creature vanquished.

Grand Total: 107 creatures vanquished

Notes
Turn   | Place    | Note
-------+----------+-------------------------------------------
     0 | D:1      | bande the Gargoyle Fighter began the quest for the Orb.
     0 | D:1      | Reached XP level 1. HP: 14/14 MP: 1/1
   283 | D:1      | Reached XP level 2. HP: 19/19 MP: 2/2
   321 | D:1      | Reached skill level 2 in Axes
   839 | D:1      | Reached XP level 3. HP: 22/23 MP: 3/3
  1164 | D:2      | Found Akaown's Jewellery Boutique.
  1206 | D:2      | Reached XP level 4. HP: 27/29 MP: 4/4
  1295 | D:2      | Found an ornate altar of the Wu Jian Council.
  1552 | D:2      | Found a faded altar of an unknown god.
  1686 | D:3      | Noticed an ogre
  1693 | D:3      | Killed an ogre
  1694 | D:3      | Reached skill level 3 in Axes
  1694 | D:3      | Reached XP level 5. HP: 33/33 MP: 5/5
  1883 | D:3      | Found Batuczim's Weapon Emporium.
  2123 | D:3      | Noticed Natasha
  2134 | D:3      | Killed Natasha
  2135 | D:3      | Reached skill level 4 in Axes
  2135 | D:3      | Reached XP level 6. HP: 32/38 MP: 6/6
  2175 | D:3      | Noticed Natasha
  2180 | D:3      | Killed Natasha
  2245 | D:3      | Noticed Natasha
  2255 | D:3      | Killed Natasha
  2357 | D:3      | Noticed Grinder
  2369 | D:3      | Paralysed by Grinder for 5 turns
  2379 | D:3      | Paralysed by Grinder for 5 turns
  2388 | D:3      | Paralysed by Grinder for 3 turns
  2401 | D:3      | Killed Grinder
  2402 | D:3      | Reached skill level 5 in Axes
  2402 | D:3      | Reached XP level 7. HP: 41/44 MP: 7/7
  3579 | D:5      | Entered Level 5 of the Dungeon
  3636 | D:5      | Found a staircase to the Ecumenical Temple.
  3652 | Temple   | Entered the Ecumenical Temple
  3739 | Temple   | Became a worshipper of Warmaster Okawaru
  3955 | D:5      | Reached skill level 5 in Armour
  3955 | D:5      | Reached skill level 1 in Invocations
  3960 | D:5      | Reached skill level 5 in Fighting
  3966 | D:5      | Reached * piety under Okawaru
  3967 | D:5      | Reached XP level 8. HP: 37/49 MP: 7/9
  4021 | D:5      | Reached skill level 6 in Axes
  4137 | D:5      | Noticed a yak
  4138 | D:5      | Noticed a two-headed ogre
  4144 | D:5      | Reached skill level 5 in Shields
  4146 | D:5      | Demolished by a two-headed ogre

Illustrated notes

Levels and vault maps discovered:
D:1:      amcnicky_arrival_choice, layout_basic, minmay_misc_feat_diagonals,
          minmay_rat_gold_closets
D:2:      layout_rooms, chequers_ecumenical_altar_lobes, basic_altar,
          serial_shops, nicolae_shop_advertising_works
          [nicolae_subvault_shop_adworks], st_stairs_2, skrybe_limestone_x,
          minmay_pentomino_r2
D:3:      layout_basic, serial_shops, nicolae_shop_bloodbath_and_beyond,
          uniq_natasha, uniq_grinder
D:4:      layout_basic
D:5:      kennysheep_windowed_halls, layout_rooms, minmay_temple_entry_tees
Temple:   mainiacjoe_temple_archimedes_tessellation

Skill      XL: |  1  2  3  4  5  6  7  8 |
---------------+-------------------------+-----
Axes           | 2 3 4 5 6 |  6.7
Shields        | 4 5 |  5.0
Fighting       | 4 5 |  5.5
Armour         | 4 5 |  5.6
Invocations    | 1 2 |  2.7

Action                   |  1- 3 |  4- 6 |  7- 9 || total
-------------------------+-------+-------+-------++-------
Melee: War axe           |    73 |   122 |   143 ||   338
  Use: Scroll            |     4 |     2 |    10 ||    16
       Potion            |       |     1 |       ||     1
Armor: Scale mail        |    45 |    72 |    94 ||   211
Dodge: Dodged            |    26 |    59 |    75 ||   160
Block: Buckler           |    24 |    31 |    38 ||    93

Table legend: (Time is in decaauts)
 A = Elapsed time spent in this place.
 B = Non-inter-level travel time spent in this place.
 C = Inter-level travel time spent in this place.
 D = Time resting spent in this place.
 E = Time spent auto-exploring this place.
 F = Levels seen in this place.
 G = Mean time per level.
                   A        B        C        D        E       F      G
               +--------+--------+--------+--------+--------+-----+--------+
         Total |   4265 |   4110 |    155 |     34 |   3066 |   6 |  710.8 |
       Dungeon |   4092 |   4015 |     77 |     34 |   3001 |   5 |  818.4 |
        Temple |    172 |     94 |     78 |      0 |     65 |   1 |  172.0 |
               +--------+--------+--------+--------+--------+-----+--------+

Top non-repeatable levels by time:
     D:1: 1187 daAuts
     D:4: 981 daAuts
     D:3: 979 daAuts
     D:2: 528 daAuts
     D:5: 415 daAuts
  Temple: 172 daAuts
